 Dungeon Crawl Stone Soup version 0.20-a0-296-gf222164 (webtiles) character file.

2411 tsouns the Archer (level 9, 0/69 HPs)
             Began as a Demonspawn Wanderer on Dec 14, 2016.
             Slain by an ogre
             ... wielding a +0 giant club
              (16 damage)
             ... on level 6 of the Dungeon.
             The game lasted 00:19:07 (7298 turns).

tsouns the Archer (Demonspawn Wanderer)             Turns: 7298, Time: 00:19:08

Health: 0/69       AC:  9    Str: 12    XL:     9   Next: 23%
Magic:  9/9        EV: 10    Int: 15    God:
Gold:   226        SH:  0    Dex: 15    Spells: 8/8 levels left

rFire  . . .     SeeInvis .     d - +0 shortbow
rCold  . . .     Gourm    .     c - +0 ring mail
rNeg   . . .     Faith    .     (shield currently unavailable)
rPois  .         Spirit   .     (helmet restricted)
rElec  .         Reflect  .     l - +1 cloak
rCorr  .         Harm     .     (no gloves)
MR     .....                    (no boots)
Stlth  +.........               (no amulet)
                                (no ring)
                                (no ring)

@: no status effects
A: antennae 2, thin metallic scales 1, powered by death 1
a: no special abilities


You were on level 6 of the Dungeon.
You were not hungry.

You visited 1 branch of the dungeon, and saw 6 of its levels.
You also visited: Ossuary.

You collected 226 gold pieces.

Inventory:

Hand Weapons
 b - a +2 blowgun
 d - a +0 shortbow (weapon)
 f - a +0 dagger
 i - a +3 quarterstaff of chaos
 p - a +1 hunting sling of flaming
 x - the +4 dagger "Morg" {pain, MR+ Int+5}
   (You found it on level 6 of the Dungeon)

   In the hands of one skilled in necromantic magic, it inflicts extra damage on
   living creatures.
   It affects your intelligence (+5).
   It affects your resistance to hostile enchantments.
 C - the +4 Vampire's Tooth {vamp}
   (You found it on level 4 of the Dungeon)

   It inflicts no extra harm, but heals its wielder when it wounds a living foe.
Missiles
 a - 2 curare-tipped needles
 e - 49 arrows (quivered)
 k - 133 stones
 z - 8 javelins
 B - 16 sling bullets
Armour
 c - a +0 ring mail (worn)
 l - a +1 cloak (worn)
Wands
 w - a wand of polymorph (24/24)
Scrolls
 m - 5 scrolls of remove curse
 n - 3 scrolls of teleportation
 t - 3 scrolls of magic mapping
 y - a scroll of fog
 E - a scroll of recharging
 F - a scroll of enchant armour
Potions
 o - a potion of cancellation
 q - 3 potions of magic
 r - 4 potions of berserk rage
 u - 5 potions of lignification
 v - 2 potions of curing
 A - a potion of mutation {unknown}
 D - a potion of brilliance {unknown}
 G - a potion of agility
 H - a potion of might {unknown}
 K - a potion of resistance {unknown}
 L - a potion of cure mutation
Books
 j - a book of Cantrips

   Spells                             Type                      Level
   a - Confusing Touch                Hexes                        1
   b - Animate Skeleton               Necromancy                   1
   c - Summon Small Mammal            Summoning                    1
   d - Apportation                    Translocation                1
Comestibles
 g - 2 bread rations
 h - 2 meat rations
 s - 2 fruits


   Skills:
 + Level 5.9 Fighting
   Level 1.0 Polearms
 + Level 9.6 Bows
 - Level 1.7 Throwing
 + Level 3.6 Armour
 - Level 1.7 Stealth


You had 8 spell levels left.
You didn't know any spells.

Dungeon Overview and Level Annotations

Branches:
Dungeon (6/15)
 Temple: D:4-7

Altars:
Fedhas
Kikubaaqudgha
Nemelex Xobeh
Okawaru
Ru
Xom


Innate Abilities, Weirdness & Mutations

You have a pair of antennae on your head.
You are partially covered in thin metallic scales. (AC +2)
You regenerate a little health from kills.


Message History

Unknown command.
Firing (i - inventory. (,) - cycle):
e - 52 arrows (quivered)
Press: ? - help, Shift-Dir - straight line, f/p - ogre
Aim: an ogre, wielding a giant club (severely wounded)
You shoot an arrow.
The arrow hits the ogre but does no damage.
The ogre is severely wounded.
The ogre hits you but does no damage.
Firing (i - inventory. (,) - cycle):
e - 51 arrows (quivered)
Press: ? - help, Shift-Dir - straight line, f/p - ogre
Aim: an ogre, wielding a giant club (severely wounded)
You shoot an arrow. The arrow barely misses the ogre.
Unknown command.
Firing (i - inventory. (,) - cycle):
e - 50 arrows (quivered)
Press: ? - help, Shift-Dir - straight line, f/p - ogre
Aim: an ogre, wielding a giant club (severely wounded)
You shoot an arrow. The arrow hits the ogre.
The ogre is severely wounded.
The ogre hits you with a giant club!
You die...

#######.#..#
..."....O..#
#######.#.## #.# #
#{# ### #.#
#.#######.#
#.O)(...(.#
#@#########
#.#######<#
#.#...{...#
#.#.##############
#.#{{....{{.(.....
#.################
#.................
##################


You could see an ogre.

Vanquished Creatures
  A two-headed ogre (D:5)
  A sky beast (D:4)
  5 ogres
  2 phantoms (D:4)
  A centaur (D:5)
  2 vampire bats (D:4)
  2 centaur zombies (Ossuary)
  A bullfrog zombie (Ossuary)
  3 orc priests (D:4)
  A centaur skeleton (D:5)
  Crazy Yiuf (D:3)
  12 mummies (Ossuary)
  An iguana (D:4)
  2 orc wizards (D:4)
  5 worker ants
  2 hound zombies (Ossuary)
  2 howler monkey zombies (Ossuary)
  4 worker ant zombies (Ossuary)
  4 adders
  A shadow imp (D:6)
  An ooze (D:1)
  4 adder zombies (Ossuary)
  3 worms
  A dart slug (D:1)
  2 leopard geckos
  13 orcs
  A ball python (D:5)
  11 bats
  5 giant cockroaches
  5 goblins
  4 hobgoblins
  4 jackals
  3 quokkas
  4 frilled lizards
  2 giant cockroach zombies (Ossuary)
  A goblin zombie (D:5)
  A jackal zombie (Ossuary)
  5 kobolds
  2 leopard gecko zombies (Ossuary)
  2 quokka zombies (Ossuary)
  10 rats
  A rat zombie (D:5)
  A withered plant (Ossuary)
139 creatures vanquished.

Vanquished Creatures (others)
  2 withered plants (Ossuary)
2 creatures vanquished.

Grand Total: 141 creatures vanquished

Notes
Turn   | Place    | Note
-------+----------+-------------------------------------------
     0 | D:1      | tsouns the Demonspawn Wanderer began the quest for the Orb.
     0 | D:1      | tsouns set off with: 2 curare-tipped needles, a +2 blowgun, a +0 ring mail, a +0 shortbow, 26 arrows, a +0 dagger, a bread ration
     0 | D:1      | Reached XP level 1. HP: 16/16 MP: 1/1
    28 | D:1      | Reached skill level 2 in Bows
   156 | D:1      | Gained mutation: You are partially covered in thin metallic scales. (AC +2) [demonic ancestry]
   156 | D:1      | Reached XP level 2. HP: 22/22 MP: 2/2
   429 | D:1      | Reached skill level 3 in Bows
   592 | D:1      | Gained mutation: You have a pair of small antennae on your head. [demonic ancestry]
   592 | D:1      | Reached XP level 3. HP: 27/27 MP: 3/3
  1159 | D:2      | Found a sparkling altar of Nemelex Xobeh.
  1353 | D:2      | Found a faded altar of an unknown god.
  1613 | D:3      | Reached skill level 4 in Bows
  1613 | D:3      | Reached XP level 4. HP: 31/33 MP: 4/4
  1713 | D:3      | Found a runed door.
  1717 | D:3      | Noticed Crazy Yiuf
  1730 | D:3      | Killed Crazy Yiuf
  2121 | D:3      | Found an ancient bone altar of Kikubaaqudgha.
  2336 | D:4      | Reached XP level 5. HP: 11/38 MP: 5/5
  2564 | D:4      | Noticed a phantom
  2600 | D:4      | Killed a phantom
  2600 | D:4      | Reached skill level 5 in Bows
  2864 | D:4      | Reached XP level 6. HP: 30/44 MP: 6/6
  2873 | D:4      | Reached skill level 6 in Bows
  3010 | D:4      | Found an iron altar of Okawaru.
  3133 | D:4      | Found a sacrificial altar of Ru.
  3133 | D:4      | Found a shimmering altar of Xom.
  3558 | D:4      | Noticed a sky beast
  3584 | D:4      | Killed a sky beast
  3584 | D:4      | Reached skill level 7 in Bows
  3584 | D:4      | Gained mutation: You regenerate a little health from kills. [demonic ancestry]
  3584 | D:4      | Reached XP level 7. HP: 34/50 MP: 7/7
  4116 | D:4      | Reached skill level 8 in Bows
  4568 | D:5      | Entered Level 5 of the Dungeon
  4607 | D:5      | Found a blossoming altar of Fedhas.
  4640 | D:5      | Found a sand-covered staircase.
  4668 | Ossuary  | Entered an ossuary
  4709 | Ossuary  | Gained mutation: You have a pair of antennae on your head. [demonic ancestry]
  4709 | Ossuary  | Reached XP level 8. HP: 57/57 MP: 8/8
  5956 | D:5      | Reached skill level 9 in Bows
  6687 | D:5      | Noticed a two-headed ogre
  6706 | D:5      | HP: 3/61 [two-headed ogre/giant club (14)]
  6712 | D:5      | Killed a two-headed ogre
  6712 | D:5      | Reached skill level 5 in Fighting
  6712 | D:5      | Reached XP level 9. HP: 5/69 MP: 9/9
  7298 | D:6      | Slain by an ogre

Vault maps used:
D:1:      lemuel_arrival_muddy
D:2:      chequers_ecumenical_altar_twisty, first_bread,
          nemelex_xobeh_ov_fountains_minmay
D:3:      nicolae_overflow_hidden_temple, uniq_crazy_yiuf_cottage
D:4:      kennysheep_okawaru_gauntlet, gammafunk_temple_overflow_wave,
          minmay_guarded_unrand_vampires_tooth
D:5:      enter_ossuary_4, fedhas_altar_1
D:6:      kennysheep_windowed_goal, uniq_eustachio
Ossuary:  ossuary_zaba_flooded

Skill      XL: |  1  2  3  4  5  6  7  8 |
---------------+-------------------------+-----
Bows           | 2 3 4 5 7 8 9 |  9.6
Fighting       | 5 |  5.9
Armour         | 3 |  3.6
Polearms       | |  1.0
Throwing       | |  1.7
Stealth        | |  1.7

Action                   |  1- 3 |  4- 6 |  7- 9 || total
-------------------------+-------+-------+-------++-------
Melee: Quarterstaff      |       |       |     9 ||     9
 Fire: Shortbow          |   124 |   206 |   135 ||   465
       Hunting sling     |       |       |   278 ||   278
  Use: Scroll            |       |    11 |    10 ||    21
       Potion            |       |     1 |       ||     1
  Eat: Chunk             |     1 |     2 |     3 ||     6
       Beef jerky        |       |     2 |       ||     2
       Bread ration      |       |     1 |     2 ||     3
Armor: Ring mail         |    23 |    61 |    89 ||   173
Dodge: Dodged            |    24 |    58 |   114 ||   196
